 Dungeon Crawl Stone Soup version 0.24-a0-447-ge8da9206dc (webtiles) character file.

Game seed: 10907507988636705845

18 theanonym the Caller (level 2, -1/19 HPs)
             Began as a Mummy Summoner on June 25, 2019.
             Slain by an adder (3 damage)
             ... on level 1 of the Dungeon.
             The game lasted 00:02:52 (1757 turns).

theanonym the Caller (Mummy Summoner)               Turns: 1757, Time: 00:02:53

Health: -1/19      AC:  2    Str: 11    XL:     2   Next: 48%
Magic:  1/6        EV: 12    Int: 14    God:
Gold:   54         SH:  0    Dex: 12    Spells: 4/7 levels left

rFire    x . .     SeeInvis .   f - +0 dagger
rCold    + . .     Gourm    .   (no shield)
rNeg     + + +     Faith    .   a - +0 robe
rPois    ∞         Spirit   .   (no helmet)
rElec    .         Reflect  .   (no cloak)
rCorr    .         Harm     .   (no gloves)
MR       .....                  (no boots)
Stlth    ++........             (no amulet)
HPRegen  0.06/turn              (no ring)
MPRegen  0.10/turn              (no ring)

@: no status effects
A: no food or potions, fire vulnerability, cold resistance 1, negative energy
resistance 3, torment resistance, unbreathing
a: no special abilities


Innate Abilities, Weirdness & Mutations

You do not eat or drink.
Your flesh is vulnerable to fire.
You are immune to poison.
Your flesh is cold resistant. (rC+)
You are immune to negative energy. (rN+++)
You are immune to unholy pain and torment.
You can survive without breathing.


   Skills:
 - Level 1.5 Dodging
 - Level 1.5 Stealth
 + Level 3.4 Spellcasting
 + Level 3.6 Summonings


You had 4 spell levels left.
You knew the following spells:

 Your Spells              Type           Power        Failure   Level  Hunger
a - Summon Small Mammal   Summ           ##..         4%          1    N/A
b - Call Imp              Summ           ##......     7%          2    N/A

Your spell library contained the following spells:

 Spells                   Type           Power        Failure   Level  Hunger
 Call Canine Familiar     Summ           ##......     14%         3    N/A
 Summon Guardian Golem    Hex/Summ       #.......     30%         3    N/A
 Summon Ice Beast         Ice/Summ       #.......     69%         4    N/A
 Summon Lightning Spire   Summ/Air       #.......     69%         4    N/A

Skill      XL: |  1 |
---------------+----+-----
Spellcasting   | 3 |  3.4
Dodging        | |  1.5
Stealth        | |  1.5
Summonings     | |  3.6

Action                   || total
-------------------------++-------
Melee: Unarmed           ||    17
       Club              ||    35
       Dagger            ||    23
 Cast: Summon Small Mamm ||    15
       Call Imp          ||     4
  Use: Scroll            ||     2
Armor: Robe              ||    21
Dodge: Dodged            ||    73

Inventory:

Hand Weapons
 b - a +0 club
 f - a +0 dagger (weapon)
Armour
 a - a +0 robe (worn)
 e - a cursed +0 leather armour
 g - a +0 shield
 i - a cursed +0 leather armour
Scrolls
 h - a scroll of noise


You were on level 1 of the Dungeon.
You were not hungry.

You visited 1 branch of the dungeon, and saw 2 of its levels.

You collected 54 gold pieces.

Dungeon Overview and Level Annotations

Branches:
Dungeon (2/15)

Altars:

# # ##### #.... #.#.. #.#.#
#.#.# ############### #...#
#......#g@w...# ###....
#.####.#S####.######......
#.####.#.##........#.#.##.
#.#.....÷...#..###.#.#.###
#.#.##.#.####..# #......##
##..†...#.......###.#.#....
#(.....########.....#......
#.##.#.# #######......
#!##.#.# ##.#.##


You could see an adder, a dart slug and a goblin.

Notes
Turn   | Place    | Note
-------+----------+-------------------------------------------
     0 | D:1      | theanonym the Mummy Summoner began the quest for the Orb.
     0 | D:1      | Reached XP level 1. HP: 13/13 MP: 4/4
   131 | D:1      | HP: 6/13 [rat (2)]
   140 | D:1      | HP: 5/13 [rat (1)]
   143 | D:1      | HP: 2/13 [rat (3)]
   498 | D:1      | Reached skill level 3 in Spellcasting
   509 | D:1      | Reached XP level 2. HP: 10/19 MP: 1/6
   604 | D:1      | Learned a level 2 spell: Call Imp
  1752 | D:2      | HP: 8/19 [adder (5)]
  1755 | D:1      | HP: 2/19 [adder (5)]
  1757 | D:1      | Slain by an adder

Vanquished Creatures
  3 bats
  A goblin (D:1)
  A hobgoblin (D:1)
  2 kobolds (D:1)
  3 rats (D:1)
10 creatures vanquished.

Vanquished Creatures (collateral kills)
  A ball python (D:1)
  4 hobgoblins
  A kobold (D:1)
  2 frilled lizards (D:1)
  2 rats (D:1)
10 creatures vanquished.

Grand Total: 20 creatures vanquished

Table legend:
 A = Turns spent in this place as a percentage of turns spent in the entire game.
 B = Non-inter-level travel turns spent in this place as a percentage of non-inter-level travel turns spent in the entire game.
 C = Inter-level travel turns spent in this place as a percentage of turns spent in this place.
 D = Turns resting spent in this place as a percentage of non-inter-level travel turns spent in this place.
 E = Turns spent auto-exploring this place as a percentage of non-inter-level travel turns spent in this place.
 F = Non-inter-level travel turns spent in this place divided by the number of levels of this place that you've seen.
                   A       B       C       D       E      F
               +-------+-------+-------+-------+-------+----------------------
         Total | 100.0 | 100.0 |   2.8 |  53.0 |  33.6 | 853.5
       Dungeon | 100.0 | 100.0 |   2.8 |  53.0 |  33.6 | 853.5
               +-------+-------+-------+-------+-------+----------------------
